Map: Stargazers

Players

vlen

  • Race: Terran Terran
  • League: Bronze
  • Spawn Location: 1:00

vitamin - Winner!

  • Race: Terran Terran
  • League: Bronze
  • Spawn Location: 11:00

VOD

Have the link to the VOD?

Description

Time

  • Played on: Aug. 20, 2022, 8:12 a.m.
  • Length: 21:38
Show
View Real Time Build Order
Export as new Build Order

vlen Terran 

Build Orders:  

Get SALT Encoding   

  12  0:00  SCV  
  13  0:12  SCV  
  14  0:18  Supply Depot  
  14  0:24  SCV  
  15  0:40  SCV  
  15  0:41  Barracks  
  16  0:48  Refinery  
  16  0:52  SCV  
  17  1:04  SCV  
  18  1:16  SCV  
  19  1:28  Orbital Command  
  19  1:36  Barracks Reactor  
  19  1:47  Command Center  
  19  1:55  SCV  
  19  2:00  Supply Depot  
  20  2:07  SCV  
  21  2:14  Marine x2  
  23  2:22  SCV  
  24  2:32  Marine x2  
  24  2:34  SCV  
  24  2:35  Barracks x2  
  27  2:47  SCV  
  27  2:49  Refinery  
  27  2:50  Marine  
  27  2:51  Marine  
  30  2:59  SCV  
  30  3:03  Orbital Command  
  31  3:11  SCV  
  31  3:12  Marine x2  
  34  3:22  Supply Depot  
  34  3:35  SCV  
  34  3:36  Marine x2, SCV  
  34  3:37  Barracks Tech Lab x2  
  38  3:48  SCV x2  
  38  3:50  Supply Depot  
  38  3:52  Supply Depot  
  40  3:56  Factory  
  40  3:58  Combat Shield, Stimpack  
  40  4:04  SCV x2  
  40  4:05  Marine  
  40  4:07  Marine  
  44  4:10  Marine  
  44  4:12  Marine  
  44  4:15  Supply Depot  
  44  4:16  SCV  
  47  4:22  SCV  
  47  4:24  Supply Depot  
  48  4:27  Marine  
  48  4:28  Marine  
  48  4:29  SCV  
  51  4:33  Marine  
  51  4:34  Marine  
  51  4:35  SCV  
  54  4:41  SCV  
  54  4:42  Factory Reactor  
  54  4:43  Starport  
  55  4:46  Marine x2  
  55  4:48  SCV  
  55  4:51  Supply Depot  
  58  4:57  SCV  
  58  4:58  Marine x2  
  61  5:08  SCV  
  61  5:09  Marine  
  61  5:10  Marine  
  61  5:12  SCV  
  65  5:14  Command Center, Refinery  
  65  5:17  Marine, Refinery  
  66  5:24  SCV  
  66  5:25  SCV  
  66  5:26  Marine  
  66  5:27  Factory Tech Lab  
  67  5:44  Marine x2, SCV x2  
  67  5:45  Marine x2  
  67  5:46  Medivac x2  
  77  5:58  Supply Depot  
  77  5:59  SCV x2  
  77  6:00  Siege Tank  
  82  6:14  Marine x4  
  82  6:16  SCV x2  
  88  6:33  Orbital Command  
  88  6:34  SCV  
  88  6:35  SCV  
  88  6:36  Marine  
  88  6:37  Marine x3  
  88  6:38  Medivac x2, Siege Tank  
  101  6:43  Orbital Command  
  101  6:54  SCV x2  
  103  7:06  SCV  
  104  7:08  Barracks  
  104  7:09  Barracks  
  104  7:11  Barracks, SCV x2  
  104  7:12  Marine x4  
  104  7:13  Siege Tank  
  104  7:14  Medivac x2  
  117  7:20  Engineering Bay  
  115  7:29  Marine  
  89  7:51  Marine x4  
  89  7:53  Medivac x2, Siege Tank  
  95  8:02  Barracks  
  95  8:05  Barracks  
  95  8:07  Barracks  
  95  8:09  Engineering Bay  
  95  8:10  Engineering Bay, SCV x3  
  95  8:11  Armory, Marine x4  
  102  8:20  Factory  
  102  8:21  Command Center  
  102  8:22  Factory, SCV  
  102  8:27  Missile Turret, SCV x2  
  105  8:28  Missile Turret  
  105  8:32  Marine x2  
  107  8:47  SCV x3  
  110  8:55  Terran Infantry Weapons Level 1  
  110  8:56  Barracks Reactor x3  
  110  8:59  SCV  
  111  9:02  Terran Infantry Armor Level 1  
  111  9:05  Terran Vehicle Weapons Level 1  
  111  9:11  Marine x3  
  111  9:12  Marine  
  111  9:14  Factory Tech Lab x2  
  115  9:18  Supply Depot  
  115  9:19  Supply Depot  
  115  9:22  Refinery, Siege Tank  
  115  9:23  SCV, Refinery  
  119  9:24  SCV  
  119  9:25  SCV  
  119  9:29  Marine  
  122  9:37  Missile Turret  
  122  9:38  Missile Turret  
  98  9:53  Marine x2  
  98  9:54  Marine x6, Siege Tank  
  101  10:02  Marine  
  101  10:03  Marine  
  102  10:11  Marine x2  
  104  10:20  Marine x5  
  104  10:21  Marine x3  
  104  10:22  Siege Tank  
  104  10:23  Medivac, Siege Tank  
  104  10:24  Medivac  
  104  10:27  Siege Tank  
  117  10:29  Marine  
  118  10:40  SCV x3  
  118  10:41  Marine x8  
  118  10:42  Marine  
  130  10:52  SCV  
  130  10:53  Missile Turret  
  130  10:55  Missile Turret  
  130  10:56  Missile Turret  
  131  10:59  Supply Depot  
  125  11:11  Viking x2  
  125  11:16  Starport  
  126  11:18  Starport  
  126  11:21  Cyclone  
  106  12:03  Terran Infantry Weapons Level 2  
  106  12:04  Terran Infantry Armor Level 2  
  106  12:05  SCV x3  
  106  12:06  Marine x2  
  106  12:07  Marine x8  
  116  12:10  Cyclone x2  
  116  12:11  Viking  
  119  12:17  SCV x2  
  119  12:18  SCV  
  119  12:24  Marine x4  
  119  12:25  Marine  
  119  12:29  SCV  
  126  12:30  SCV  
  126  12:35  Marine  
  126  12:36  Marine x4  
  131  12:38  Siege Tank  
  131  12:41  Missile Turret  
  131  12:42  Missile Turret, Marine  
  131  12:43  Missile Turret  
  131  12:46  Missile Turret x2  
  131  12:47  SCV x2  
  131  12:48  Missile Turret, SCV  
  125  12:59  SCV x2  
  125  13:00  SCV  
  113  13:21  Starport Reactor x2  
  113  13:25  Starport Reactor  
  110  13:37  SCV x3  
  110  13:44  Refinery  
  110  13:49  SCV x3  
  113  13:57  Command Center  
  113  14:01  SCV x3, Viking x2  
  113  14:02  Viking x2  
  124  14:04  Command Center  
  124  14:05  Viking x2  
  128  14:14  Terran Vehicle Weapons Level 2  
  128  14:16  Marine  
  128  14:17  Marine x5  
  129  14:19  SCV  
  135  14:28  SCV  
  135  14:29  SCV  
  137  14:31  SCV  
  137  14:34  Viking x2  
  137  14:35  Viking  
  144  14:43  SCV  
  144  14:44  SCV  
  146  14:50  SCV  
  147  14:56  SCV  
  141  15:17  Viking  
  141  15:18  Viking x5  
  141  15:19  Marine x2  
  141  15:20  Marine x5  
  160  15:24  SCV x2  
  162  15:30  Planetary Fortress  
  162  15:33  Planetary Fortress  
  162  15:40  SCV x3  
  165  15:50  Refinery x2  
  165  15:52  SCV x2  
  165  15:53  Missile Turret  
  165  15:54  Missile Turret  
  165  15:55  Missile Turret  
  167  16:03  SCV  
  167  16:04  SCV x2  
  169  16:09  Supply Depot x2  
  169  16:10  Supply Depot  
  170  16:15  SCV  
  171  16:19  Refinery  
  171  16:20  Refinery  
  171  16:24  Viking x4  
  179  16:30  Marine x5, Viking  
  169  16:43  Viking  
  169  16:54  Viking x3  
  175  17:08  Marine  
  175  17:09  Marine x6  
  175  17:10  Viking x2  
  175  17:13  Viking  
  188  18:02  Viking x3  
  188  18:03  Marine, Viking x2  
  188  18:04  Marine  
  196  18:24  Viking  
  195  18:32  Marine, Viking x2  
  183  18:50  Marine  
  183  18:51  Marine x8  
  166  20:02  Marine  
  166  20:03  Marine x8  
  166  20:04  Marine  
  176  20:10  Supply Depot  
  176  20:12  Supply Depot  
  176  20:16  Command Center  
  176  20:18  Viking x2  
  176  20:19  Viking x4  
  176  20:20  Marine x3  
  176  20:21  Marine x3  
  193  20:24  Missile Turret  
  194  20:32  Missile Turret x3  
  194  20:33  Missile Turret  
  194  20:34  Missile Turret x2  
  194  20:35  Missile Turret  
  194  20:37  Missile Turret  
  119  20:57  Viking x4  
  119  20:58  Marine, Viking  
  119  20:59  Marine x7  
Show
View Real Time Build Order
Export as new Build Order

vitamin Terran - Winner!

Build Orders: Reaper Expand 

Get SALT Encoding   

  12  0:00  SCV  
  13  0:12  SCV  
  14  0:18  Supply Depot  
  14  0:26  SCV  
  15  0:37  Refinery  
  15  0:40  SCV  
  16  0:45  Barracks  
  16  0:52  SCV  
  17  1:04  SCV  
  18  1:16  SCV  
  19  1:35  Orbital Command  
  19  1:40  Reaper  
  19  1:45  Command Center  
  20  1:55  Supply Depot  
  20  2:04  SCV  
  21  2:16  Marine  
  22  2:22  Factory  
  22  2:24  SCV  
  22  2:26  Refinery  
  23  2:34  Marine  
  23  2:36  SCV  
  25  2:48  SCV  
  26  2:52  Marine  
  26  2:58  Orbital Command  
  27  3:01  Barracks  
  27  3:05  SCV  
  28  3:10  Marine, Factory Tech Lab  
  28  3:11  Starport  
  29  3:17  SCV  
  30  3:27  Orbital Command  
  30  3:28  Marine  
  30  3:33  Siege Tank  
  34  3:39  SCV  
  35  3:46  Marine  
  36  3:50  Barracks Tech Lab  
  36  3:51  SCV  
  37  3:59  SCV  
  37  4:03  SCV  
  37  4:04  Marine  
  37  4:05  Medivac, Supply Depot  
  41  4:11  SCV  
  41  4:17  Supply Depot, Siege Tank  
  45  4:21  Marine  
  45  4:23  Refinery  
  46  4:27  SCV x2, Supply Depot  
  48  4:34  Refinery  
  48  4:39  SCV  
  48  4:40  Marine x2  
  51  4:48  Starport Reactor  
  51  4:49  Siege Tank  
  51  4:52  Supply Depot  
  54  4:58  Marine x2, SCV x2  
  58  5:10  SCV x2  
  58  5:13  Stimpack  
  60  5:16  Marine x2  
  62  5:22  SCV  
  62  5:23  SCV  
  64  5:34  Marine  
  56  5:45  Medivac x2  
  56  5:46  Siege Tank  
  56  5:47  Marine  
  64  5:52  Marine, SCV  
  64  5:53  Engineering Bay  
  66  6:00  Command Center  
  66  6:01  SCV  
  67  6:04  SCV  
  68  6:11  Supply Depot  
  68  6:14  SCV  
  68  6:16  SCV  
  70  6:18  Siege Tank  
  73  6:26  SCV, Terran Infantry Weapons Level 1  
  73  6:28  SCV  
  73  6:29  Medivac  
  73  6:31  Marine  
  78  6:32  Marine  
  78  6:35  Supply Depot  
  78  6:38  SCV  
  80  6:40  SCV  
  81  6:48  Marine  
  81  6:50  SCV  
  81  6:51  Siege Tank  
  86  6:56  SCV  
  86  7:00  Supply Depot  
  87  7:02  SCV  
  87  7:06  Starport  
  88  7:08  SCV  
  89  7:23  Siege Tank  
  70  7:51  SCV  
  70  7:55  Siege Tank  
  73  7:59  Marine x2  
  73  8:02  Starport Tech Lab  
  73  8:03  SCV, Starport Tech Lab  
  76  8:05  Fusion Core  
  76  8:17  Marine x2  
  76  8:18  SCV  
  79  8:30  SCV x2  
  79  8:32  Refinery x2  
  81  8:34  Marine  
  81  8:35  Marine  
  81  8:41  Command Center  
  83  8:42  SCV x2  
  85  8:52  Marine x2  
  85  8:54  SCV x2  
  85  8:55  Battlecruiser x2  
  101  8:57  Weapon Refit  
  101  9:01  Armory  
  101  9:05  Missile Turret  
  101  9:07  SCV  
  102  9:10  Marine x2  
  104  9:28  Marine x2  
  106  9:46  Marine x2  
  100  10:05  Orbital Command  
  100  10:08  SCV x2  
  100  10:11  Orbital Command, Refinery  
  102  10:16  Battlecruiser x2  
  102  10:20  SCV x2  
  113  10:21  Starport  
  110  10:36  Marine x2  
  110  10:38  Siege Tank  
  110  10:41  SCV  
  116  10:50  Terran Ship Weapons Level 1  
  116  10:54  Marine x2, SCV  
  119  11:00  Command Center  
  119  11:06  SCV  
  119  11:10  Siege Tank  
  123  11:12  Marine  
  124  12:11  Marine x2  
  124  12:12  Battlecruiser x2  
  132  12:26  Refinery  
  132  12:30  SCV  
  125  12:42  SCV  
  126  12:45  Starport  
  126  12:48  Terran Ship Weapons Level 2  
  126  12:50  Starport Tech Lab  
  126  12:54  SCV  
  127  13:16  Battlecruiser  
  127  13:41  Battlecruiser, Starport Tech Lab  
  121  13:43  Starport Tech Lab  
  127  13:50  Starport, Siege Tank  
  127  13:52  Supply Depot  
  130  13:59  Missile Turret  
  130  14:10  Planetary Fortress  
  130  14:13  Refinery  
  130  14:14  Supply Depot  
  130  14:20  Battlecruiser x2  
  130  14:22  Siege Tank  
  145  14:25  Supply Depot  
  145  14:31  Starport Tech Lab  
  145  14:36  Battlecruiser  
  151  14:40  Missile Turret  
  151  14:45  Command Center  
  151  14:47  Missile Turret, Battlecruiser, Supply Depot  
  151  14:50  Starport  
  157  14:54  Armory  
  157  15:00  Missile Turret  
  157  15:04  Terran Vehicle And Ship Armor Level 1  
  145  15:19  Battlecruiser  
  151  15:25  Battlecruiser  
  157  15:31  Starport  
  157  15:42  Battlecruiser  
  163  15:52  Refinery  
  163  15:55  Refinery  
  163  15:57  Missile Turret  
  163  15:59  Battlecruiser x2  
  163  16:02  Command Center  
  175  16:22  Sensor Tower  
  175  16:26  SCV  
  175  16:29  Battlecruiser  
  182  16:38  SCV  
  177  16:46  Battlecruiser  
  177  16:50  SCV  
  178  17:01  Starport Tech Lab  
  178  17:03  Battlecruiser  
  184  17:14  Battlecruiser  
  190  17:33  Battlecruiser  
  192  18:08  Refinery  
  175  19:21  Supply Depot  
  175  19:22  Supply Depot  
  171  19:24  Supply Depot  
  169  19:42  Thor  
  169  19:43  Battlecruiser  
  169  19:44  Battlecruiser  
  181  19:51  Battlecruiser  
  181  19:52  Battlecruiser  
  185  20:13  Command Center  
  185  20:25  Thor  
Tags
 
Matchup
TvT
Race
Terran
Spawn Locations
Close Positions
Add a new tag
Caveats
  • Supply blocks, unpowered buildings, or Contaminate may cause inaccurate times.
  • Supply counts are checked every 10 seconds.